 Dungeon Crawl Stone Soup version 0.30-a0-297-g0ec75d9ef4 (webtiles) character file.

Game seed: 16647925963364437448

15339 bande the Cleaver (level 12, -3/77 HPs)
             Began as a Gargoyle Fighter on Oct 20, 2022.
             Was a High Priest of Okawaru.
             Slain by a great orb of eyes simulacrum (35 damage)
             ... in an ice cave.
             The game lasted 00:21:47 (13820 turns).

bande the Cleaver (Gargoyle Fighter)               Turns: 13820, Time: 00:21:48

Health: -3/77      AC: 28    Str: 24    XL:     12   Next: 26%
Magic:  16/16      EV:  6    Int: 10    God:    Okawaru [*****.]
Gold:   643        SH: 11    Dex: 13    Spells: 11/11 levels left

rFire   . . .      SeeInvis .    k - +2 broad axe "Beastslayer" {flame, +Blink rPois}
rCold   . . .      Faith    .    l - +0 kite shield
rNeg    + . .      Spirit   .    n - +0 plate armour
rPois   ∞          Reflect  .    i - +1 helmet
rElec   +          Harm     .    m - +0 cloak
rCorr   +          Rampage  .    r - +0 pair of gloves
Will    +....                    (no boots)
Stlth   ..........               (no amulet)
HPRegen 0.32/turn                q - ring of Ephemeral Luck {Fly Will+ Str+4}
MPRegen 0.15/turn                x - ring of resist corrosion

@: flying
A: sickness immunity, AC +8, negative energy resistance 1, electricity
resistance, torment resistance 1, petrification resistance
a: Renounce Religion, Evoke Blink, Heroism, Finesse, Duel


You were in an ice cave.
You worshipped Okawaru.
Okawaru was extremely pleased with you.
You visited 3 branches of the dungeon, and saw 13 of its levels.
You also visited: Sewer and Ice Cave.

You collected 708 gold pieces.
You spent 65 gold pieces at shops.

Inventory:

Hand Weapons
 k - the +2 broad axe "Beastslayer" (weapon) {flame, +Blink rPois}
   (You acquired it on level 6 of the Dungeon)

   It burns those it strikes, dealing additional fire damage.
   Big, fiery blades are also staple armaments of hydra-hunters.
   rPois:     It protects you from poison.
   +Blink:    It lets you blink.
 B - a +0 broad axe
Armour
 b - a +0 hat
 i - a +1 helmet (worn)
 l - a +0 kite shield (worn)
 m - a +0 cloak (worn)
 n - a +0 plate armour (worn)
 o - a +2 hat
 r - a +0 pair of gloves (worn)
Jewellery
 q - the ring of Ephemeral Luck (left hand) {Fly Will+ Str+4}
   (You found it on level 6 of the Dungeon)

   [ring of flight]

   Str:       It affects your strength (+4).
   Fly:       It grants you flight.
   Will:      It increases your willpower.
 u - a ring of resist corrosion
 x - a ring of resist corrosion (right hand)
 E - a ring of willpower
Wands
 a - a wand of polymorph (6)
 j - a wand of paralysis (11)
 v - a wand of digging (4)
 A - a wand of flame (10)
Scrolls
 e - 10 scrolls of identify
 g - 4 scrolls of enchant weapon
 p - 2 scrolls of poison
 s - 2 scrolls of enchant armour
 w - a scroll of fog
 y - a scroll of magic mapping
 z - 4 scrolls of teleportation
 C - a scroll of fear
 D - a scroll of amnesia
Potions
 c - 4 potions of curing
 d - a potion of might
 f - a potion of brilliance
 h - a potion of haste
 t - a potion of invisibility


   Skills:
 + Level 9.9 Fighting
 + Level 10.9 Axes
 + Level 10.0 Armour
 + Level 9.8 Shields
 * Level 6.2 Invocations
 * Level 5.2 Evocations


You had 11 spell levels left.
You didn't know any spells.
Your spell library contained the following spells:

 Spells                   Type           Power      Damage    Failure   Level
 Kiss of Death            Conj/Necr      0%         2d5       100%        1
 Shock                    Conj/Air       0%         1d3       100%        1
 Slow                     Hex            0%         N/A       100%        1
 Static Discharge         Conj/Air       0%         2-2/arc   100%        2
 Confusing Touch          Hex            0%         N/A       100%        3
 Gell's Gravitas          Tloc           0%         N/A       100%        3
 Lesser Beckoning         Tloc           0%         N/A       100%        3
 Ozocubu's Armour         Ice            0%         N/A       100%        3
 Portal Projectile        Hex/Tloc       0%         N/A       100%        3
 Swiftness                Air            0%         N/A       100%        3
 Teleport Other           Tloc           0%         N/A       100%        3
 Vampiric Draining        Necr           0%         2d6       100%        3
 Vhi's Electric Charge    Tloc/Air       0%         N/A       100%        3
 Airstrike                Air            0%         2d(0-16)  100%        4
 Anguish                  Hex/Necr       0%         N/A       100%        4
 Dispel Undead            Necr           0%         3d6       100%        4
 Petrify                  Tmut/Erth      0%         N/A       100%        4
 Arcjolt                  Conj/Air       0%         1d10      100%        5
 Blade Hands              Tmut           0%         N/A       100%        5
 Irradiate                Conj/Tmut      0%         3d11      100%        5
 Lightning Bolt           Conj/Air       0%         1d11      100%        5
 Metabolic Englaciation   Hex/Ice        0%         N/A       100%        5
 Enfeeble                 Hex            0%         N/A       100%        7
 Sublimation of Blood     Necr           Unusable   N/A       N/A         2
 Tukima's Dance           Hex            Unusable   N/A       N/A         3
 Simulacrum               Ice/Necr       Unusable   N/A       N/A         6

Dungeon Overview and Level Annotations

Branches:
Dungeon (10/15)            Temple (1/1) D:5            Lair (2/5) D:9
    Orc (0/2) D:10          Sewer (visited)           IceCv (1/1)
  Swamp: Lair:2-3    Shoals: Lair:2-3     Snake: Lair:2-3    Spider: Lair:2-3

Altars:
Ashenzari
Cheibriados
Elyvilon
Fedhas
Gozag
Hepliaklqana
Okawaru
Sif Muna
Uskayaw
Xom
Zin
The Shining One

Shops:
D:4 ![*?*   D:9 (   D:10 [

Annotations:
D:6 3 runed translucent doors, benadryl's ghost, novice FoFE IceCv exclusion: ice statue


Innate Abilities, Weirdness & Mutations

You are immune to sickness and miasma.
Your stone body is resilient. (AC +8)
You are immune to poison.
You resist negative energy. (rN+)
You are resistant to electric shocks. (rElec)
You are resistant to unholy torment.
You are immune to petrification.


Message History

A great orb of eyes simulacrum comes into view.
You hit the great orb of eyes simulacrum but do no damage.
The great orb of eyes simulacrum bites you but does no damage.
You hit the great orb of eyes simulacrum.
You melt the great orb of eyes simulacrum.
The great orb of eyes simulacrum is lightly damaged.
The great orb of eyes simulacrum bites you but does no damage.
You hit the great orb of eyes simulacrum.
You melt the great orb of eyes simulacrum.
The great orb of eyes simulacrum is moderately damaged.
The great orb of eyes simulacrum barely misses you.
You completely miss the great orb of eyes simulacrum.
The great orb of eyes simulacrum is moderately damaged.
The great orb of eyes simulacrum barely misses you.
You hit the great orb of eyes simulacrum.
You melt the great orb of eyes simulacrum.
The great orb of eyes simulacrum is heavily damaged.
The great orb of eyes simulacrum completely misses you.
You hit the great orb of eyes simulacrum but do no damage.
The great orb of eyes simulacrum is heavily damaged.
The great orb of eyes simulacrum barely misses you.
You hit the great orb of eyes simulacrum.
You melt the great orb of eyes simulacrum.
The great orb of eyes simulacrum is severely damaged.
The great orb of eyes simulacrum bites you but does no damage.
You slice the great orb of eyes simulacrum!!
You melt the great orb of eyes simulacrum.
The great orb of eyes simulacrum vaporises!
Okawaru accepts your kill.
You hit the great orb of eyes simulacrum.
You melt the great orb of eyes simulacrum.
The great orb of eyes simulacrum is lightly damaged.
The great orb of eyes simulacrum bites you!
The great orb of eyes simulacrum freezes you!!
You slash the great orb of eyes simulacrum!
You melt the great orb of eyes simulacrum.
The great orb of eyes simulacrum is heavily damaged.
The great orb of eyes simulacrum bites you!
The great orb of eyes simulacrum freezes you!!
You die...

...# ...
## ..##
#.# #..#
##..##
..##
#....#
#..#
##....##
#..#
#...Z..##
#..##
#@..#
##..#
##..# #..#
### #..##
##.####.##
##..#
#..##...#
#..#
#.....∩∩#
##..#
#..##...#
#...#
##.####.##
###..##
#..# ###
#....#
#..#


You could see a great orb of eyes simulacrum.

Vanquished Creatures
  Gastronok (D:8)
  A quicksilver ooze (IceCv)
  3 two-headed ogres
  Pikel (D:7)
  The ghost of freelancePsychic the Spear-Bearer, a novice HuWn of Cheibriados (D:5)
  Maurice (D:9)
  Joseph (D:7)
  3 cane toads
  2 komodo dragons (Lair:1)
  2 shadows (D:10)
  3 hogs (D:7)
  12 yaks
  A human (D:7)
  3 steam dragons
  Grum (D:10)
  5 water moccasins
  Pargi (Sewer)
  7 orc warriors
  2 great orb of eyes simulacra (IceCv)
  3 centaurs
  3 wolves (D:10)
  5 slime creature simulacra (IceCv)
  4 lemures (D:7)
  2 phantoms
  A kobold brigand (D:8)
  5 necrophages
  3 scorpions
  10 bullfrogs
  A glowing shapeshifter simulacrum (IceCv)
  13 killer bees (D:9)
  2 howler monkeys (D:10)
  5 hounds
  Crazy Yiuf (D:5)
  10 orc priests
  2 gnoll boudas
  2 iguanas (D:5)
  Terence (D:2)
  8 orc wizards
  A shapeshifter simulacrum (IceCv)
  13 adders
  11 gnolls
  13 white imps
  An ufetubus (D:6)
  2 worms
  4 dart slugs
  38 orcs
  11 ball pythons
  12 bats
  2 endoplasms
  12 giant cockroaches
  2 hobgoblins
  4 jackals
  4 quokkas
  6 frilled lizards
  7 goblins
  9 kobolds
  7 rats
291 creatures vanquished.

Vanquished Creatures (others)
  2 fungi (Lair:1)
  A plant (Lair:2)
3 creatures vanquished.

Grand Total: 294 creatures vanquished

Notes
Turn   | Place    | Note
-------+----------+-------------------------------------------
     0 | D:1      | bande the Gargoyle Fighter began the quest for the Orb.
     0 | D:1      | Reached XP level 1. HP: 14/14 MP: 1/1
    51 | D:1      | Reached XP level 2. HP: 13/19 MP: 2/2
   289 | D:1      | Reached XP level 3. HP: 24/24 MP: 3/3
   760 | D:2      | Noticed Terence
   769 | D:2      | Killed Terence
   770 | D:2      | Reached XP level 4. HP: 22/29 MP: 4/4
  1826 | D:3      | Reached XP level 5. HP: 33/33 MP: 5/5
  2142 | D:4      | Found Ymojesm's General Store.
  2248 | D:4      | Found a glowing drain.
  2298 | Sewer    | Entered a sewer
  2354 | Sewer    | Noticed Pargi
  2372 | Sewer    | Killed Pargi
  2373 | Sewer    | Reached XP level 6. HP: 33/38 MP: 6/6
  2498 | D:4      | Reached XP level 7. HP: 40/49 MP: 7/7
  2544 | D:4      | Found Ehitwej's Magic Scroll Shoppe.
  2909 | D:4      | Found a snail-covered altar of Cheibriados.
  2964 | D:4      | Found Benozxal's General Store.
  3065 | D:4      | Found Nutig's Armour Shop.
  3068 | D:4      | Bought a +0 kite shield for 54 gold pieces
  3146 | D:4      | Found Fuxin's Distillery.
  3149 | D:4      | Bought a potion of degeneration for 11 gold pieces
  3202 | D:5      | Entered Level 5 of the Dungeon
  3433 | D:5      | Found a staircase to the Ecumenical Temple.
  3446 | D:5      | Reached XP level 8. HP: 43/54 MP: 8/8
  3473 | Temple   | Entered the Ecumenical Temple
  3578 | Temple   | Became a worshipper of Warmaster Okawaru
  4056 | D:5      | Found a runed translucent door.
  4057 | D:5      | Noticed Crazy Yiuf
  4153 | D:5      | Found a runed translucent door.
  4159 | D:5      | Noticed freelancePsychic's ghost (novice HuWn)
  4337 | D:5      | Reached skill level 1 in Invocations
  4491 | D:5      | Killed freelancePsychic's ghost
  4491 | D:5      | Reached * piety under Okawaru
  4492 | D:5      | Reached skill level 1 in Evocations
  4492 | D:5      | Reached XP level 9. HP: 18/60 MP: 8/10
  4750 | D:5      | Killed Crazy Yiuf
  5199 | D:6      | Identified a scroll of acquirement
  5199 | D:6      | Acquired the +2 broad axe "Beastslayer" {flame, +Blink
                  | rPois}
  5349 | D:6      | Found a shimmering blue altar of Sif Muna.
  6013 | D:6      | Identified the ring of Ephemeral Luck {Fly Will+ Str+4}
  6066 | D:6      | Found a blossoming altar of Fedhas.
  6134 | D:6      | Found a glowing golden altar of the Shining One.
  6159 | D:6      | Found a white marble altar of Elyvilon.
  6159 | D:6      | Found an opulent altar of Gozag.
  6196 | D:6      | Found a runed translucent gate.
  6197 | D:6      | Found a runed translucent gate.
  6198 | D:6      | Found a runed translucent gate.
  6199 | D:6      | Noticed benadryl's ghost (novice FoFE)
  6567 | D:7      | Noticed Pikel
  6587 | D:7      | Killed Pikel
  6587 | D:7      | Reached ** piety under Okawaru
  6661 | D:7      | Found a shimmering altar of Xom.
  6820 | D:7      | Reached XP level 10. HP: 53/65 MP: 12/12
  7209 | D:7      | Noticed Joseph
  7222 | D:7      | Killed Joseph
  7222 | D:7      | Reached *** piety under Okawaru
  7704 | D:8      | Noticed Gastronok
  7720 | D:8      | HP: 1/66 [Gastronok (23)]
  7722 | D:8      | Killed Gastronok
  8025 | D:8      | Reached **** piety under Okawaru
  8513 | D:9      | Noticed a two-headed ogre
  8513 | D:9      | Found Fufac's Weapon Shoppe.
  8518 | D:9      | Killed a two-headed ogre
  8599 | D:9      | Reached XP level 11. HP: 66/71 MP: 14/14
  8617 | D:9      | Noticed Maurice
  8622 | D:9      | Killed Maurice
  8799 | D:9      | Found a staircase to the Lair.
  8847 | D:9      | Reached ***** piety under Okawaru
  8943 | D:9      | Noticed a two-headed ogre
  8953 | D:9      | Killed a two-headed ogre
  9543 | D:9      | Found the +7 staff of the Meek {protect, meekguard}
  9717 | D:10     | Entered Level 10 of the Dungeon
  9717 | D:10     | Found a staircase to the Orcish Mines.
  9729 | D:10     | Reached skill level 10 in Axes
  9749 | D:10     | Found Joru Tiu's Armour Shoppe.
  9791 | D:10     | Reached skill level 5 in Invocations
 10347 | D:10     | Found a hazy altar of Hepliaklqana.
 10403 | D:10     | Noticed Grum
 10421 | D:10     | Killed Grum
 10659 | D:10     | Noticed a two-headed ogre
 10667 | D:10     | Killed a two-headed ogre
 10667 | D:10     | Received a gift from Okawaru
 11088 | Lair:1   | Entered Level 1 of the Lair of Beasts
 11716 | Lair:1   | Received a gift from Okawaru
 12078 | Lair:1   | Identified the +6 scimitar of the Quick God {protect, rElec
                  | rC- Will+ Int+4}
 12139 | Lair:1   | Reached XP level 12. HP: 20/77 MP: 16/16
 13196 | Lair:2   | Found a frozen archway.
 13208 | Lair:2   | Reached skill level 5 in Evocations
 13230 | IceCv    | Entered an ice cave
 13443 | IceCv    | Noticed a quicksilver ooze
 13457 | IceCv    | Killed a quicksilver ooze
 13721 | IceCv    | Reached skill level 10 in Armour
 13820 | IceCv    | Slain by a great orb of eyes simulacrum

Illustrated notes

Levels and vault maps discovered:
D:1:      dpeg_arrival_subterranean_lakeside_camping, layout_rooms, st_stairs_9
D:2:      minmay_roachtagon, layout_basic, uniq_terence
D:3:      wander_river, layout_rooms
D:4:      layout_cave_pools, mainiacjoe_overflow_boulevard, serial_shops, shop,
          nicolae_shop_temple_entry_statues_fountains, kennysheep_mini,
          nicolae_shop_behind_doors, shop, gup_sewer_entry_glass
D:5:      layout_loops_ring, minmay_temple_entry_arrows,
          ebering_ghost_reflecting_pool, uniq_crazy_yiuf_cottage
D:6:      layout_cave_pools, nicolae_overflow_hidden_temple,
          mainiacjoe_overflow_24_doors, ebering_ghost_rock_garden,
          dk_rats_in_the_wall
D:7:      layout_loops_corners, amcnicky_altar_gilded, grunt_livestock,
          uniq_pikel, uniq_joseph
D:8:      layout_loops_ring, uniq_gastronok
D:9:      layout_irregular_city, dpeg_oklobed_lair, serial_shops,
          nicolae_shop_bloodbath_and_beyond, pf_guarded_unrand_meek,
          uniq_maurice
D:10:     layout_long_grid, old_standard_altar, orc_david_3, uniq_grum
Temple:   nicolae_temple_figure_eight
Lair:1:   layout_cellular_growth
Lair:2:   layout_cave_pods, guppyfry_snake_entry_garden,
          portal_ice_cave_entry_imps
IceCv:    ice_cave_hellmonk_azure_passage

Skill      XL: |  1  2  3  4  5  6  7  8  9 10 11 12 |
---------------+-------------------------------------+-----
Axes           | 2 3 4 7 8 9 10 | 10.9
Armour         | 4 8 9 10 | 10.0
Fighting       | 4 8 9 |  9.9
Shields        | 4 8 9 |  9.8
Invocations    | 1 2 4 5 6 |  6.2
Evocations     | 1 2 3 4 5 |  5.2

Action                   |  1- 3 |  4- 6 |  7- 9 | 10-12 || total
-------------------------+-------+-------+-------+-------++-------
Melee: War axe           |   101 |   157 |   201 |       ||   459
       Broad axe         |       |       |    96 |   361 ||   457
  Use: Scroll            |       |    13 |     5 |     6 ||    24
       Potion            |       |     1 |     2 |     3 ||     6
Armor: Scale mail        |    58 |     1 |       |       ||    59
       Chain mail        |       |    32 |       |       ||    32
       Plate armour      |       |   128 |   240 |   296 ||   664
Dodge: Dodged            |    55 |    61 |    78 |   101 ||   295
Block: Buckler           |    26 |    54 |     5 |       ||    85
       Kite shield       |       |       |   169 |   248 ||   417

Table legend: (Time is in decaauts)
 A = Elapsed time spent in this place.
 B = Non-inter-level travel time spent in this place.
 C = Inter-level travel time spent in this place.
 D = Time resting spent in this place.
 E = Time spent auto-exploring this place.
 F = Levels seen in this place.
 G = Mean time per level.
                   A        B        C        D        E       F      G
               +--------+--------+--------+--------+--------+-----+--------+
         Total |  14128 |  13766 |    362 |   3592 |   7406 |  15 |  941.9 |
       Dungeon |  11088 |  10853 |    235 |   2303 |   6201 |  10 | 1108.8 |
        Temple |    126 |    119 |      7 |      0 |     97 |   1 |  126.0 |
          Lair |   2160 |   2040 |    120 |    908 |    898 |   2 | 1080.0 |
         Sewer |    157 |    157 |      0 |      0 |    100 |   1 |  157.0 |
      Ice Cave |    596 |    596 |      0 |    381 |    109 |   1 |  596.0 |
               +--------+--------+--------+--------+--------+-----+--------+

Top non-repeatable levels by time:
     D:5: 2182 daAuts
  Lair:1: 2121 daAuts
    D:10: 1363 daAuts
     D:9: 1248 daAuts
     D:7: 1175 daAuts
     D:4: 1080 daAuts
     D:2: 1037 daAuts
     D:6: 933 daAuts
     D:8: 867 daAuts
     D:1: 672 daAuts
   IceCv: 596 daAuts
     D:3: 526 daAuts
   Sewer: 157 daAuts
  Temple: 126 daAuts
  Lair:2: 38 daAuts
